AoeStats
← 西溪梨

Black Forest

519635929Analyzed
4v4 RM · 8d ago on Nov 8, 2026· 36m 22s· 8 players
Game mode
Random Map
Map size
Large (8 player)
Population
200
Speed
Normal
Resources
Standard
Victory
Conquest
Starting age
Dark Age
Ending age
Imperial Age
RankedLock teamsTeams togetherTeam positionsShared explorationLock speedFull tech treeHidden civsTurbo modeCheats
Victory
Defeat
🇨🇳 Dravidians · China
1914
+13
🇺🇸 Italians · United States
1874
+14
🇨🇳 Aztecs · China
1784
+17
🇨🇳 Celts · China
1762
+18
vs
🇨🇭 Cumans · Switzerland
1918
-18
🇨🇱 Huns · Chile
1809
-15
🇨🇳 Franks · China
1805
-15
🇧🇬 Vikings · Bulgaria
1787
-14
[BÜN#1] Heidewolf
1:30 Loom
14:31 Feudal Age
14:59 Town Watch
15:11 Double-Bit Axe
15:46 Horse Collar
20:59 Fishing Lines
24:23 Castle Age
23:36 Gold Mining
23:43 Fletching
28:38 Imperial Age
26:32 Gillnets
26:57 Bow Saw
27:37 Wheelbarrow
27:20 Bodkin Arrow
29:10 Padded Archer Armor
30:31 Chemistry
30:43 Ballistics
32:00 Hand Cart
32:37 Leather Archer Armor
32:30 Thumb Ring
32:38 Bloodlines
33:31 Elite Kipchak
35:31 Parthian Tactics
35:37 Conscription
35:19 Elite Skirmisher
36:53 Ring Archer Armor
Esimonev
9:08 Feudal Age
8:52 Loom
9:48 Double-Bit Axe
11:52 Fletching
14:34 Horse Collar
21:58 Castle Age
22:55 Bow Saw
22:33 Fishing Lines
23:21 Town Watch
31:32 Imperial Age
30:21 Stone Mining
32:16 Bodkin Arrow
32:40 Scale Barding Armor
33:54 Chain Barding Armor
35:18 Forging
lazypig
7:38 Loom
8:46 Loom
13:06 Feudal Age
13:54 Double-Bit Axe
16:35 Castle Age
15:29 Fishing Lines
17:31 Gillnets
18:17 Bow Saw
22:25 Wheelbarrow
25:32 Gold Mining
25:33 Stone Mining
29:09 Imperial Age
27:16 Gold Shaft Mining
27:39 Hand Cart
27:27 Scale Mail Armor
27:40 Forging
27:48 Scale Barding Armor
28:08 Ballistics
27:58 Masonry
27:39 Town Watch
27:58 Devotion
28:05 Fletching
28:36 Town Patrol
28:12 Pikeman
28:38 Gambesons
29:06 Squires
28:52 Arson
29:52 Iron Casting
29:18 Scale Mail Armor
29:33 Husbandry
29:11 Cavalier
30:17 Chain Barding Armor
30:43 Chain Barding Armor
31:46 Blast Furnace
31:09 Conscription
31:32 Coinage
31:11 Paladin
33:16 Plate Barding Armor
32:49 Siege Engineers
33:45 Chemistry
33:12 Chivalry
34:56 Bodkin Arrow
34:46 Light Cavalry
35:59 Padded Archer Armor
36:44 Caravan
Zni.Locuss
11:35 Feudal Age
12:32 Double-Bit Axe
15:32 Castle Age
13:29 Fishing Lines
16:45 Bow Saw
19:52 Horse Collar
29:31 Imperial Age
26:50 Loom
27:01 Gillnets
27:09 Stone Mining
27:25 Gold Mining
27:50 Fletching
28:01 Scale Mail Armor
29:02 Squires
29:27 Bodkin Arrow
29:49 Chain Mail Armor
31:22 Two-Man Saw
30:22 Heavy Plow
30:59 Gold Shaft Mining
30:18 Elite Berserk
30:34 Capped Ram
32:22 Plate Mail Armor
32:23 Arson
34:13 Forging
34:29 Conscription
36:49 Iron Casting
kibou
11:52 Feudal Age
12:52 Double-Bit Axe
15:27 Castle Age
14:51 Fishing Lines
15:11 Horse Collar
17:03 Gillnets
18:55 Heavy Plow
21:09 Wheelbarrow
28:14 Imperial Age
25:28 Pikeman
25:53 Man-at-Arms
26:18 Gambesons
27:04 Scale Mail Armor
27:16 Forging
27:07 Gold Mining
27:03 Long Swordsman
27:44 Squires
27:29 Arson
28:17 Chain Mail Armor
28:19 Capped Ram
28:36 Two-Handed Swordsman
30:18 Plate Mail Armor
29:40 Champion
31:34 Iron Casting
32:01 Garland Wars
34:03 Blast Furnace
32:55 Fletching
33:05 Padded Archer Armor
34:48 Bodkin Arrow
35:49 Conscription
35:54 Bracer
香香瓜子壳
0:39 Loom
14:48 Feudal Age
18:45 Castle Age
16:32 Fishing Lines
17:40 Double-Bit Axe
19:54 Bow Saw
22:24 Gillnets
28:03 Wheelbarrow
27:14 Town Watch
32:21 Imperial Age
30:23 Fletching
30:34 Padded Archer Armor
30:55 Ballistics
30:54 Hand Cart
30:31 Stone Mining
30:34 Gold Mining
31:13 Bodkin Arrow
32:34 Leather Archer Armor
32:45 Thumb Ring
33:16 Bracer
34:28 Chemistry
34:33 Two-Man Saw
33:37 Elite Elephant Archer
35:29 Ring Archer Armor
35:44 Guilds
36:14 Guilds
36:04 Caravan
大白000000
2:14 Loom
9:44 Feudal Age
12:13 Double-Bit Axe
14:17 Town Watch
16:05 Fletching
18:37 Castle Age
17:46 Fishing Lines
20:08 Bow Saw
21:45 Bow Saw
23:09 Gillnets
24:47 Horse Collar
27:26 Wheelbarrow
27:13 Bodkin Arrow
30:47 Imperial Age
32:32 Chemistry
31:35 Gold Mining
32:03 Hand Cart
32:12 Pirotechnia
35:47 Padded Archer Armor
西溪梨
11:54 Feudal Age
14:22 Wheelbarrow
15:50 Castle Age
14:35 Double-Bit Axe
17:00 Bow Saw
19:46 Horse Collar
22:18 Wheelbarrow
22:29 Fishing Lines
28:41 Imperial Age
26:37 Gold Mining
29:01 Gold Shaft Mining
28:22 Pikeman
28:59 Halberdier
30:31 Conscription
31:02 Scale Mail Armor
31:12 Forging
30:56 Onager
31:13 Man-at-Arms
31:38 Gambesons
32:33 Chain Mail Armor
32:37 Long Swordsman
33:14 Two-Handed Swordsman
34:09 Champion
Connection lost

Rejoining the realm…

Still unreachable

The connection could not be restored.

Session expired

The server has moved on; the page needs a fresh start.